 Dungeon Crawl Stone Soup version 0.31-a0-1370-gf52a5a9ab3 (webtiles) character file.

Game seed: 2066391196246389528

9445 grandjackal the Fighter (level 11, -8/90 HPs)
             Began as a Demonspawn Gladiator on Dec 24, 2023.
             Was a Believer of Makhleb.
             Mangled by Erica
             ... wielding a +3 scimitar of flaming
              (10 damage)
             ... on level 9 of the Dungeon.
             The game lasted 00:10:40 (7692 turns).

grandjackal the Fighter (Demonspawn Gladiator)      Turns: 7692, Time: 00:10:41

Health: -8/90      AC: 21    Str: 18    XL:     11   Next: 23%
Magic:  17/17      EV:  9    Int:  8    God:    Makhleb [**....]
Gold:   425        SH:  6    Dex: 23    Spells: 10/10 levels left

rFire   + + .        F - +4 spear (freeze)
rCold   . . .        o - +0 buckler of Incorporation {Dex+7 Slay+3}
rNeg    . . .        i - +2 ring mail {rF+}
rPois   +            c - +0 helmet
rElec   .            b - +0 cloak
rCorr   .            (no gloves)
SInv    .            j - +0 pair of boots
Will    .....        (no amulet)
Stlth   +            D - ring of protection from fire
HPRegen 0.35/turn    a - ring of poison resistance
MPRegen 0.30/turn

%: no passive effects
@: sanguine armoured, slowed, constricted, very slow
A: hooves 1, demonic guardian 2, magic regeneration, sanguine armour 2
a: Renounce Religion, Minor Destruction


You were on level 9 of the Dungeon.
You worshipped Makhleb.
Makhleb was pleased with you.
You visited 1 branch of the dungeon, and saw 9 of its levels.

You collected 425 gold pieces.

Inventory:

Hand Weapons
 g - a +2 spear of venom
 F - a +4 spear of freezing (weapon)
Missiles
 d - 3 throwing nets (quivered)
 e - a javelin
Armour
 b - a +0 cloak (worn)
 c - a +0 helmet (worn)
 i - a +2 ring mail of fire resistance (worn)
 j - a +0 pair of boots (worn)
 o - the +0 buckler of Incorporation (worn) {Dex+7 Slay+3}
   (You found it on level 2 of the Dungeon)

   Dex+7:     It affects your dexterity (+7).
   Slay+3:    It affects your accuracy & damage with ranged weapons and melee
   (+3).
 H - +0 acid dragon scales
Jewellery
 a - a ring of poison resistance (right hand)
 p - a ring of wizardry
 D - a ring of protection from fire (left hand)
 E - an amulet of magic regeneration
Wands
 m - a wand of paralysis (6)
 u - a wand of light (4)
 C - a wand of flame (24)
Scrolls
 k - 2 scrolls of fog {unknown}
 l - a scroll of enchant weapon {unknown}
 q - a scroll of noise {unknown}
 r - 4 scrolls of revelation {unknown}
 s - a scroll of vulnerability {unknown}
 w - a scroll of blinking {unknown}
 y - a scroll of butterflies {unknown}
 z - a scroll of fear {unknown}
 A - a scroll of teleportation {unknown}
 G - a scroll of amnesia {unknown}
Potions
 f - a potion of berserk rage
 h - a potion of attraction
 t - a potion of curing
 v - a potion of invisibility
 x - 2 potions of might
 B - a potion of resistance


   Skills:
 + Level 9.8 Fighting
 - Level 2.7 Long Blades
 + Level 8.6 Polearms
 - Level 1.8 Throwing
 + Level 7.0 Armour
 - Level 3.0 Dodging
 - Level 4.5 Shields
 + Level 8.4 Invocations


You had 10 spell levels left.
You didn't know any spells.
Your spell library contained the following spells:

 Spells                   Type           Power      Damage    Failure   Level
 Call Imp                 Summ           0%         N/A       80%         2
 Sublimation of Blood     Necr           0%         N/A       80%         2
 Summon Hydra             Summ           0%         N/A       100%        7


Dungeon Overview and Level Annotations

Branches:
Dungeon (9/15)             Temple (0/1) D:7
   Lair: D:8-11         Orc: D:9-12

Altars:
Hepliaklqana
Kikubaaqudgha
Makhleb
Nemelex Xobeh
Trog
Uskayaw
Vehumet

Shops:
D:2 (=(

Annotations:
D:9 Erica


Innate Abilities, Weirdness & Mutations

You have large cloven feet.
A demonic guardian rushes to your aid.
You regenerate magic rapidly.
When seriously injured, your blood forms thick armour. (AC +9)


Message History

You feel very sick. Something hits you but does no damage. Something grabs you.
You are constricted.
You closely miss something.
You feel very sick. Something hits you.
You are constricted.
You miss something.
You feel sick.
Your rust devil disappears in a puff of smoke!
Something hits you.
* * * LOW HITPOINT WARNING * * *
You are constricted.
* * * LOW HITPOINT WARNING * * *
Something hits you but does no damage.
You are constricted.
You feel much better.
You feel sick. Something hits you.
You are constricted.
You hit something.
You feel sick. Something hits you.
You are constricted.
You miss something.
You feel sick. Something hits you but does no damage.
You are constricted.
You puncture something! You freeze something.
You feel sick. Something hits you.
* * * LOW HITPOINT WARNING * * *
You are constricted.
You closely miss something.
You feel sick.
You are no longer poisoned.
Something hits you.
* * * LOW HITPOINT WARNING * * *
You are constricted.
You completely miss something. Something hits you but does no damage.
You are constricted.
* * * LOW HITPOINT WARNING * * *
You barely miss something. Something hits you!
* * * LOW HITPOINT WARNING * * *
A demonic guardian appears!
Something burns you.
* * * LOW HITPOINT WARNING * * *
You are constricted.
* * * LOW HITPOINT WARNING * * *
You puncture something! You freeze something.
Erica appears from thin air!
Reactivating autopickup.
Erica hits you with a +3 scimitar of flaming!
You die...
Erica begins burbling mirthfully and uncontrollably.

......# .##.#
#.#.####..##.#
#....[....##.#
###.########.#
##'## #.# ##...##
#.##### #.....##
#.....# .......##
##.##.#
........####[..#@#
........'.......x#
........####..3#.#
.......## ##.##)#
#.....## ####.#
##...##
#....)....# ##+##
#.##..###.# #..#
#..#


You could see Erica (ally target) and a friendly soul eater (summoned).

Vanquished Creatures
  Gastronok (D:9)
  A two-headed ogre (D:8)
  2 tengu warriors (D:9)
  Pikel (D:7)
  Maggie (D:9)
  A troll (D:9)
  2 shadows (D:9)
  A vampire (D:9)
  Grum (D:8)
  2 steam dragons
  Menkaure (D:7)
  A water moccasin (D:8)
  An acid dragon (D:9)
  A sky beast (D:6)
  3 orc warriors
  An ice beast (D:5)
  2 centaurs (D:5)
  4 wolves (D:8)
  An ogre (D:7)
  4 phantoms
  3 kobold brigands
  A gnoll sergeant (D:7)
  A bullfrog (D:6)
  20 wights
  13 killer bees
  A howler monkey (D:6)
  4 jellies
  4 hounds
  A sleepcap (D:5)
  9 orc priests
  5 iguanas
  8 orc wizards
  Natasha (thrice) (D:2)
  3 gnolls (D:7)
  3 white imps
  4 bombardier beetles
  11 ufetubi
  2 worms
  A dart slug (D:2)
  26 orcs
  4 ball pythons
  An endoplasm (D:1)
  6 giant cockroaches
  6 goblins
  7 hobgoblins
  4 jackals (D:2)
  3 quokkas
  3 bats
  13 frilled lizards (D:3)
  19 kobolds
  2 rats (D:1)
223 creatures vanquished.

Vanquished Creatures (collateral kills)
  A wight (D:8)
  An orc (D:7)
2 creatures vanquished.

Grand Total: 225 creatures vanquished

Notes
Turn   | Place    | Note
-------+----------+-------------------------------------------
     0 | D:1      | grandjackal the Demonspawn Gladiator began the quest for
                  | the Orb.
     0 | D:1      | Reached XP level 1. HP: 16/16 MP: 1/1
   122 | D:1      | Found a faded altar of an unknown god.
   220 | D:1      | Gained mutation: A weak demonic guardian rushes to your
                  | aid. [demonic ancestry]
   220 | D:1      | Reached XP level 2. HP: 22/22 MP: 2/2
   500 | D:2      | Found Vusonkenk's Weapon Emporium.
   565 | D:2      | Found a radiant altar of Vehumet.
   602 | D:2      | Identified the +0 buckler of Incorporation {Dex+7 Slay+3}
   644 | D:2      | Found Ejirao's Jewellery Boutique.
   672 | D:2      | Reached skill level 1 in Polearms
   785 | D:2      | Found Zedahul's Weapon Boutique.
   983 | D:2      | Noticed Natasha
   987 | D:2      | Killed Natasha
   988 | D:2      | Reached skill level 1 in Shields
   988 | D:2      | Reached XP level 3. HP: 28/28 MP: 3/3
  1043 | D:2      | Noticed Natasha
  1047 | D:2      | Killed Natasha
  1048 | D:2      | Reached skill level 3 in Fighting
  1048 | D:2      | Gained mutation: When seriously injured, your blood forms
                  | armour. (AC +9) [demonic ancestry]
  1048 | D:2      | Reached XP level 4. HP: 35/35 MP: 4/4
  1143 | D:2      | Noticed Natasha
  1150 | D:2      | Killed Natasha
  1775 | D:4      | Reached XP level 5. HP: 38/41 MP: 5/5
  1873 | D:4      | Noticed a phantom
  1881 | D:4      | Killed a phantom
  1882 | D:4      | Reached skill level 4 in Fighting
  1882 | D:4      | Reached XP level 6. HP: 44/48 MP: 6/6
  2269 | D:4      | Found a bloodstained altar of Trog.
  2397 | D:5      | Entered Level 5 of the Dungeon
  2433 | D:5      | Identified the +2 robe of the Louse {rPois}
  2575 | D:5      | Gained mutation: You have large cloven feet. [demonic
                  | ancestry]
  2575 | D:5      | Reached XP level 7. HP: 55/55 MP: 7/7
  2686 | D:5      | Reached skill level 5 in Fighting
  2741 | D:5      | Found an ancient bone altar of Kikubaaqudgha.
  3328 | D:5      | Reached XP level 8. HP: 54/64 MP: 8/8
  3551 | D:6      | Reached skill level 6 in Fighting
  3551 | D:6      | Reached skill level 1 in Armour
  3585 | D:6      | Reached skill level 5 in Polearms
  3729 | D:6      | Found a hide-covered altar of Uskayaw.
  4438 | D:7      | Noticed Menkaure
  4451 | D:7      | Killed Menkaure
  4452 | D:7      | Reached skill level 7 in Fighting
  4617 | D:7      | Gained mutation: You regenerate magic rapidly. [demonic
                  | ancestry]
  4617 | D:7      | Reached XP level 9. HP: 69/72 MP: 9/9
  4775 | D:7      | Found a sparkling altar of Nemelex Xobeh.
  4783 | D:7      | Found a burning altar of Makhleb.
  4787 | D:7      | Became a worshipper of Makhleb the Destroyer
  4803 | D:7      | Reached skill level 1 in Invocations
  4806 | D:7      | Noticed Pikel
  4824 | D:7      | Killed Pikel
  4960 | D:7      | Found a staircase to the Ecumenical Temple.
  5244 | D:8      | Noticed Grum
  5267 | D:8      | Reached skill level 8 in Fighting
  5518 | D:8      | Reached skill level 5 in Armour
  5536 | D:8      | Reached * piety under Makhleb
  5544 | D:8      | Noticed a two-headed ogre
  5568 | D:8      | Killed a two-headed ogre
  5569 | D:8      | Reached skill level 5 in Invocations
  5569 | D:8      | Gained mutation: When seriously injured, your blood forms
                  | thick armour. (AC +9) [demonic ancestry]
  5569 | D:8      | Reached XP level 10. HP: 35/82 MP: 12/14
  6565 | D:8      | Killed Grum
  7026 | D:9      | Noticed a tengu warrior
  7027 | D:9      | Reached skill level 9 in Fighting
  7027 | D:9      | Noticed a tengu warrior
  7058 | D:9      | Killed a tengu warrior
  7062 | D:9      | Killed a tengu warrior
  7068 | D:9      | Reached ** piety under Makhleb
  7205 | D:9      | Found a hazy altar of Hepliaklqana.
  7440 | D:9      | Noticed Maggie
  7457 | D:9      | Paralysed by Maggie for 2 turns
  7462 | D:9      | Killed Maggie
  7463 | D:9      | Gained mutation: A demonic guardian rushes to your aid.
                  | [demonic ancestry]
  7463 | D:9      | Reached XP level 11. HP: 89/89 MP: 16/16
  7574 | D:9      | Noticed Gastronok
  7594 | D:9      | Killed Gastronok
  7662 | D:9      | Noticed Erica
  7691 | D:9      | HP: 2/90 [something (3)]
  7692 | D:9      | Mangled by Erica

Illustrated notes

Levels and vault maps discovered:
D:1:      nicolae_arrival_memento_mori, layout_basic,
          hellmonk_ecumenical_altar_arch_garden
D:2:      layout_loops_ring, basic_altar, serial_shops,
          nicolae_shop_gaudy_bauble, shop, shop, uniq_natasha
D:3:      layout_loops_ring, minmay_lizard_king
D:4:      layout_cave_pools, mainiacjoe_overflow_six_doors_small
D:5:      layout_loops_ring, lemuel_round_altar, dk_rats_in_the_wall
D:6:      layout_loops_ring, nicolae_uskayaw_dance_studio
D:7:      layout_rooms, mainiacjoe_overflow_big_doors, temple_pool_b,
          serial_demonic, serial_demonic_g, serial_demonic_c, serial_demonic_b,
          serial_demonic_f, serial_demonic_c, serial_demonic_d,
          serial_demonic_f, serial_demonic_e, uniq_menkaure, uniq_pikel
D:8:      layout_loops_corners, enter_bailey_5, uniq_grum
D:9:      layout_loops_corners, mainiacjoe_overflow_alcove_4, hiddenorc1_lemuel,
          grunt_ministairs_7, uniq_maggie, uniq_erica, uniq_gastronok,
          uniq_jeremiah

Skill      XL: |  1  2  3  4  5  6  7  8  9 10 11 |
---------------+----------------------------------+-----
Dodging        | 3 |  3.0
Polearms       | 1 2 3 4 6 7 8 |  8.6
Shields        | 1 2 3 4 |  4.5
Fighting       | 3 4 5 7 8 9 |  9.8
Armour         | 3 5 6 7 |  7.0
Invocations    | 5 7 8 |  8.4
Long Blades    | |  2.7
Throwing       | |  1.8

Action                     |  1- 3 |  4- 6 |  7- 9 | 10-12 || total
---------------------------+-------+-------+-------+-------++-------
  Melee: Spear             |    63 |   143 |   381 |   331 ||   918
         Long sword        |     3 |       |       |       ||     3
 Invoke: Minor Destruction |       |       |       |     1 ||     1
  Evoke: Wand              |       |       |     3 |    14 ||    17
    Use: Scroll            |       |     4 |     4 |       ||     8
         Potion            |       |       |       |     6 ||     6
   Stab: Sleeping          |     2 |     2 |       |       ||     4
         Invisible         |       |       |       |     5 ||     5
         Paralysed         |       |       |       |     6 ||     6
 Armour: Leather armour    |     7 |       |       |       ||     7
         Ring mail         |    18 |    48 |   216 |   143 ||   425
  Dodge: Dodged            |    34 |    34 |   151 |   115 ||   334
  Block: Buckler           |     1 |    16 |    91 |    59 ||   167

Table legend: (Time is in decaauts)
 A = Elapsed time spent in this place.
 B = Non-inter-level travel time spent in this place.
 C = Inter-level travel time spent in this place.
 D = Time resting spent in this place.
 E = Time spent auto-exploring this place.
 F = Levels seen in this place.
 G = Mean time per level.
                   A        B        C        D        E       F      G
               +--------+--------+--------+--------+--------+-----+--------+
         Total |   7557 |   7329 |    228 |    819 |   4943 |   9 |  839.7 |
       Dungeon |   7557 |   7329 |    228 |    819 |   4943 |   9 |  839.7 |
               +--------+--------+--------+--------+--------+-----+--------+

Top non-repeatable levels by time:
     D:8: 1772 daAuts
     D:5: 1003 daAuts
     D:7: 950 daAuts
     D:6: 748 daAuts
     D:2: 690 daAuts
     D:9: 678 daAuts
     D:4: 637 daAuts
     D:3: 574 daAuts
     D:1: 501 daAuts
